cohdb
Replays
Latest Replays
All Replays
Popular Replays
Top Player Replays
Match Explorer
How It Works
Community
CoH3 Stats
Reddit
Sign in to upload your games and track your stats! →
Sign in with Steam
Match 46684783
Unlisted
Match 46684783
Overview
Messages
Build Orders
End
Engineer Squad
Construct Weapon Support Center
Selects Advanced Infantry Battlegroup
M1919 Machine Gun Team
M1919 Machine Gun Team
Construct Barracks
Riflemen Squad
Selects Ammunition Storage
Infantry Support Center
Riflemen Squad
M3 Armored Personnel Carrier
Demolitions Package
Munitions Surplus
Riflemen Squad
Selects M2A1 105mm Howitzer Emplacement
Grenade Package
Selects Convert to Ranger Squad
M1918 Browning Automatic Rifles
Selects Frontline Medical Station
Frontline Medical Station
Selects Free Fire Drills
Bazooka Squad
Bazooka Squad
Improved M9 Bazooka Rockets
Frontline Medical Station
Selects Infantry Assault
Infantry Assault
Advanced Logistics
Survival Training
Infantry Assault
Infantry Assault
Arwootarch
BazookaJoe
pagep
7k this year for sure
0
0
Comments
sign in to comment!
No comments posted yet!